AoeStats
← DerTyp

Pilgrims

509173054Analyzed
2v2 RM · 6d ago on Sep 25, 2026· 43m 21s· 4 players
Game mode
Random Map
Map size
Medium (4 player)
Population
200
Speed
Normal
Resources
Standard
Victory
Conquest
Starting age
Dark Age
Ending age
Imperial Age
RankedLock teamsTeams togetherTeam positionsShared explorationLock speedFull tech treeHidden civsTurbo modeCheats
Victory
Defeat
🇩🇪 Dravidians · Germany
1205
+14
🇺🇸 Vikings · United States
1169
+16
🇮🇪 Varangians · Ireland
1177
-15
🇨🇦 Italians · Canada
1162
-15
Sean1407
3:01 Loom
12:14 Feudal Age
14:26 Double-Bit Axe
16:39 Forging
16:20 Fletching
18:45 Castle Age
16:52 Stone Mining
16:56 Gold Mining
17:33 Fishing Lines
21:07 Wheelbarrow
20:43 Bow Saw
20:36 Gillnets
22:55 Ballistics
22:49 Heated Shot
24:24 Careening
25:28 Clinker Construction
24:59 Treadmill Crane
27:33 Hand Cart
27:04 Town Watch
28:02 Murder Holes
28:33 Bodkin Arrow
35:35 Imperial Age
33:06 Town Patrol
33:45 Iron Casting
33:10 Scale Mail Armor
33:16 Scale Barding Armor
33:12 Padded Archer Armor
33:06 Horse Collar
34:16 Masonry
34:18 Fortified Wall
36:33 Siege Engineers
36:58 Architecture
38:12 Blast Furnace
38:59 Bracer
39:03 Gambesons
41:30 Squires
41:15 Arson
43:19 Two-Man Saw
Dègno
9:40 Feudal Age
7:59 Loom
17:19 Castle Age
16:49 Double-Bit Axe
16:48 Horse Collar
19:14 Stone Mining
19:23 Fletching
20:05 Gold Mining
24:16 Bow Saw
24:24 Bodkin Arrow
28:49 Wheelbarrow
32:10 Imperial Age
32:40 Ballistics
33:02 Hand Cart
34:18 Masonry
35:53 Cavalier
38:30 Bracer
38:30 Padded Archer Armor
39:29 Conscription
39:51 Bloodlines
39:41 Husbandry
DerTyp
6:06 Loom
12:33 Feudal Age
13:04 Double-Bit Axe
13:34 Gold Mining
13:46 Fishing Lines
18:50 Castle Age
16:46 Stone Mining
17:05 Fletching
19:52 Bow Saw
19:56 Medium Warships
19:37 Gillnets
21:11 Wheelbarrow
22:18 Horse Collar
23:41 Heavy Plow
28:18 Imperial Age
26:11 Bodkin Arrow
26:39 Ballistics
26:35 Scale Mail Armor
27:22 Forging
27:29 Pikeman
27:55 Gambesons
28:10 Squires
29:01 Iron Casting
30:38 Heavy Warships
31:45 Two-Man Saw
32:33 Blast Furnace
31:50 Chain Mail Armor
33:18 Chemistry
33:34 Conscription
35:42 Scale Barding Armor
36:08 Plate Mail Armor
37:31 Bracer
38:28 Halberdier
40:31 Man-at-Arms
42:00 Padded Archer Armor
42:20 Chain Barding Armor
42:39 Husbandry
42:44 Elite Urumi Swordsman
BigOleChunguss
12:11 Feudal Age
13:16 Fletching
13:19 Loom
14:33 Double-Bit Axe
17:24 Fishing Lines
19:49 Castle Age
20:45 Medium Warships
20:34 Bodkin Arrow
21:56 Padded Archer Armor
27:10 Imperial Age
28:55 Chemistry
28:10 Bracer
29:25 Heavy Warships
Connection lost

Rejoining the realm…

Still unreachable

The connection could not be restored.

Session expired

The server has moved on; the page needs a fresh start.